Map: Catalyst LE

Players

Maxsgranny

  • Race: Terran Terran
  • League: Diamond
  • Spawn Location: 5:00

axu - Winner!

  • Race: Protoss Protoss
  • League: Platinum
  • Spawn Location: 11:00

VOD

Have the link to the VOD?

Description

Time

  • Played on: March 7, 2018, 3:33 a.m.
  • Length: 11:56
Show
View Real Time Build Order
Export as new Build Order

Maxsgranny Terran 

Build Orders: Liberator Opening, Reaper Expand, MMM Bio 

Get SALT Encoding   

  12  0:01  SCV  
  13  0:13  SCV  
  14  0:19  Supply Depot  
  14  0:25  SCV  
  15  0:31  Refinery  
  15  0:40  SCV  
  16  0:46  Barracks  
  16  0:57  SCV  
  17  1:09  SCV  
  18  1:21  SCV  
  19  1:34  Orbital Command  
  19  1:35  Reaper  
  20  1:53  Command Center  
  20  2:03  SCV  
  21  2:08  Factory  
  21  2:12  Barracks Reactor  
  21  2:16  SCV  
  21  2:20  Supply Depot  
  22  2:39  Refinery  
  22  2:43  Barracks  
  22  2:46  SCV  
  22  2:50  Marine x2  
  25  2:53  Starport  
  25  2:57  Widow Mine  
  27  3:08  SCV  
  27  3:11  Marine x2  
  30  3:13  Orbital Command  
  30  3:19  Widow Mine  
  32  3:23  SCV  
  33  3:29  Marine x2  
  33  3:31  Barracks Tech Lab  
  35  3:35  Liberator  
  35  3:39  Supply Depot  
  35  3:40  SCV  
  35  3:41  SCV  
  37  3:46  Factory Reactor  
  37  3:47  Starport Reactor  
  40  3:56  SCV  
  40  4:00  SCV  
  42  4:08  Supply Depot, SCV  
  43  4:10  Marine  
  43  4:11  Marine  
  43  4:12  SCV  
  43  4:14  Stimpack  
  46  4:19  Marauder  
  50  4:24  Widow Mine  
  50  4:25  Widow Mine  
  50  4:28  SCV  
  50  4:30  SCV  
  54  4:33  Supply Depot  
  54  4:36  Marine  
  55  4:45  SCV x2  
  56  4:49  Widow Mine x2  
  56  4:52  Marine  
  62  4:55  Marine  
  62  4:56  Marauder  
  62  4:57  SCV  
  62  4:58  SCV  
  67  5:00  Starport Reactor  
  67  5:02  Supply Depot  
  67  5:06  Refinery  
  67  5:09  SCV  
  67  5:10  Marine, SCV  
  70  5:23  Marine  
  70  5:24  Widow Mine x2, Marine  
  70  5:26  Supply Depot  
  72  5:53  SCV x2  
  74  5:59  Engineering Bay  
  74  6:04  Marine x2  
  74  6:05  Marauder, Refinery, SCV x2  
  74  6:06  Medivac x2, Command Center  
  74  6:08  Widow Mine  
  86  6:14  Supply Depot  
  86  6:15  Supply Depot  
  86  6:17  Combat Shields  
  86  6:26  Supply Depot  
  86  6:27  Terran Infantry Weapons Level 1  
  86  6:29  Widow Mine  
  86  6:30  SCV x2  
  86  6:33  Missile Turret  
  84  6:42  SCV  
  83  6:52  Marine x2  
  83  6:53  Marauder  
  87  6:55  Medivac  
  87  6:56  Medivac  
  87  6:58  Widow Mine x2  
  95  7:01  Starport  
  95  7:04  Supply Depot  
  95  7:10  Marine x2  
  95  7:15  Barracks  
  97  7:18  Barracks  
  97  7:21  Orbital Command  
  97  7:23  Widow Mine  
  97  7:28  Marine x2  
  101  7:48  Marine x3  
  101  7:50  Widow Mine x2  
  106  8:06  Marauder  
  105  8:13  Marine x2  
  105  8:16  Widow Mine x2  
  105  8:17  Medivac x2  
  117  8:20  Barracks Reactor  
  117  8:22  Concussive Shells  
  117  8:24  Terran Infantry Armor Level 1  
  117  8:25  Armory  
  115  8:27  Marine  
  115  8:29  Engineering Bay  
  115  8:46  Marauder  
  113  8:52  Orbital Command, Marine x2, Viking x2  
  112  8:56  Starport Tech Lab, Barracks  
  112  9:02  Barracks  
  112  9:04  Barracks  
  112  9:06  Barracks Reactor  
  112  9:07  Marauder  
  112  9:08  Marine x2  
  115  9:10  Marine  
  115  9:12  Widow Mine  
  118  9:21  Medivac  
  120  9:28  Marauder  
  122  9:50  Marauder  
  116  9:54  Marine x4  
  116  9:55  Viking  
  116  9:56  Viking  
  111  10:03  Raven  
  111  10:05  Barracks Reactor, Barracks Tech Lab  
  113  10:08  Supply Depot  
  113  10:09  Supply Depot, SCV  
  113  10:10  SCV  
  113  10:11  Marauder  
  117  10:17  SCV  
  116  10:21  SCV  
  116  10:22  SCV  
  116  10:25  Viking  
  116  10:26  Viking  
  122  10:29  SCV  
  122  10:33  SCV  
  124  10:41  SCV  
  102  10:49  Barracks Reactor  
  91  10:51  Factory  
  91  10:54  Refinery, SCV  
  91  10:56  Refinery, SCV  
  91  10:57  SCV  
  94  11:00  Command Center  
  94  11:04  Command Center  
  94  11:05  Marine x4  
  94  11:06  Marauder  
  94  11:07  SCV  
  94  11:08  SCV  
  94  11:09  SCV  
  99  11:17  Marine  
  99  11:18  Marine x4  
  98  11:19  SCV  
  98  11:20  Widow Mine, SCV  
  98  11:21  Widow Mine, SCV  
  104  11:27  Marauder  
Show
View Real Time Build Order
Export as new Build Order

axu Protoss - Winner!

Build Orders: 1 Gate Expand, Blink Stalkers 

Get SALT Encoding   

  12  0:01  Probe  
  13  0:15  Probe  
  13  0:19  Pylon  
  14  0:27  Probe  
  15  0:37  Gateway  
  15  0:39  Probe  
  16  0:44  Assimilator  
  16  0:52  Probe  
  17  1:04  Probe  
  18  1:22  Nexus  
  18  1:27  Probe  
  18  1:31  Assimilator  
  19  1:48  Cybernetics Core  
  19  1:51  Probe (Chrono Boost)  
  21  2:03  Probe (Chrono Boost)  
  21  2:08  Probe (Chrono Boost)  
  22  2:26  Stalker (Chrono Boost)  
  23  2:30  Pylon, Warp Gate (Chrono Boost)  
  23  2:39  Probe  
  23  2:40  Probe  
  25  2:52  Twilight Council  
  25  3:08  Probe x2  
  27  3:14  Pylon  
  27  3:20  Probe  
  27  3:22  Robotics Facility  
  28  3:27  Gateway  
  28  3:30  Gateway  
  28  3:32  Probe  
  28  3:33  Probe  
  30  3:39  Blink (Chrono Boost)  
  30  3:45  Probe x2  
  34  3:57  Probe x2  
  36  4:09  Probe x2  
  38  4:12  Pylon  
  38  4:21  Probe x2  
  38  4:23  Observer  
  39  4:33  Probe x2  
  41  4:40  Assimilator  
  41  4:42  Stalker x3  
  41  4:44  Assimilator  
  41  4:45  Probe x2  
  49  4:59  Probe x2  
  51  5:02  Pylon  
  51  5:09  Immortal  
  51  5:10  Stalker x2  
  51  5:11  Stalker, Probe  
  62  5:14  Pylon  
  62  5:19  Pylon  
  62  5:20  Probe  
  58  5:35  Stalker x2  
  61  5:47  Probe x2  
  62  5:59  Probe  
  62  6:00  Stalker x3  
  69  6:10  Observer  
  70  6:31  Immortal  
  68  6:51  Robotics Bay  
  68  6:59  Charge (Chrono Boost)  
  68  7:00  Zealot x3  
  74  7:05  Nexus  
  74  7:06  Pylon  
  74  7:08  Pylon  
  74  7:10  Pylon  
  74  7:11  Pylon  
  74  7:14  Pylon  
  74  7:17  Immortal  
  78  7:24  Probe  
  78  7:25  Probe  
  80  7:34  Sentry x2  
  80  7:35  Sentry  
  80  7:36  Probe  
  80  7:37  Probe  
  87  7:53  Colossus (Chrono Boost)  
  91  8:02  Zealot  
  91  8:03  Zealot x2  
  93  8:19  Extended Thermal Lance (Chrono Boost)  
  93  8:21  Shield Battery  
  93  8:23  Shield Battery  
  93  8:27  Zealot x3  
  99  8:38  Gateway  
  99  8:39  Gateway  
  93  8:46  Colossus  
  89  8:57  Zealot  
  89  8:58  Zealot  
  93  9:03  Pylon  
  93  9:06  Pylon  
  93  9:10  Pylon  
  93  9:26  Pylon  
  93  9:27  Zealot x3  
  93  9:29  Pylon  
  99  9:32  Pylon  
  99  9:36  Pylon  
  99  9:39  Colossus (Chrono Boost)  
  74  10:00  Zealot x2  
  74  10:01  Zealot x3  
  84  10:08  Probe x2  
  86  10:20  Probe x2  
  88  10:21  Zealot x2  
  88  10:22  Zealot x3  
  98  10:30  Colossus (Chrono Boost)  
  98  10:35  Robotics Facility  
  98  10:50  Stalker x3  
  98  10:51  Stalker  
  105  11:17  Observer  
  106  11:25  Nexus  
  106  11:28  Pylon  
  106  11:31  Pylon  
Tags
 
Add a new tag
Caveats
  • Supply blocks, unpowered buildings, or Contaminate may cause inaccurate times.
  • Supply counts are checked every 10 seconds.